 Dungeon Crawl Stone Soup version 0.27.0-1-g7a089689b8 (webtiles) character file.

Game seed: 15289696974504989114

665 Malachi the Cudgeller (level 7, -2/75 HPs)
             Began as a Djinni Transmuter on Aug 12, 2021.
             Slain by Grinder (10 damage)
             ... on level 3 of the Dungeon.
             The game lasted 00:10:19 (6374 turns).

Malachi the Cudgeller (Djinni Transmuter)           Turns: 6374, Time: 00:10:20

Health: -2/75      AC: 23    Str:  7 (9)  XL:     7   Next: 87%
Gold:   128        EV:  2    Int: 14 (16) God:
                   SH:  9    Dex: 13 (14)

rFire    . . .     SeeInvis .   l - +3 flail (holy)
rCold    . . .     Faith    .   n - +0 buckler
rNeg     + + +     Spirit   .   (armour currently unavailable)
rPois    ∞         Reflect  +   (helmet currently unavailable)
rElec    .         Harm     .   (cloak currently unavailable)
rCorr    .         Rampage  .   (gloves currently unavailable)
Will     .....     NoTele   +   (boots unavailable)
Stlth    ++........             j - amulet of reflection
HPRegen  0.22/turn              d - +4 ring of slaying
MPRegen  0.00/turn              (no ring)

@: tree-form, very slightly contaminated, invisible
A: stationary, stasis, torment immunity, boosted hp, sickness immunity, (fire
resistance 2), (cold vulnerability 1), float, innate caster, hp casting, extra
vitality 1, deterioration 1
a: no special abilities


You were on level 3 of the Dungeon.
You were a tree.
You visited 1 branch of the dungeon, and saw 3 of its levels.
You also visited: Sewer.

You collected 128 gold pieces.

Inventory:

Hand Weapons
 l - a +3 flail of holy wrath (weapon)
Missiles
 h - 35 stones (quivered)
 k - 3 large rocks
Armour
 a - a +0 robe (melded)
 n - a +0 buckler (worn)
Jewellery
 d - a +4 ring of slaying (left branch)
 j - an amulet of reflection (around neck)
Scrolls
 b - a scroll of amnesia {unknown}
 c - a scroll of identify {unknown}
 e - 2 scrolls of fear {unknown}
 g - a scroll of noise {unknown}
 o - a scroll of enchant armour {unknown}
Potions
 f - a potion of degeneration
 r - a potion of magic


   Skills:
 + Level 3.0 Fighting
 + Level 4.0 Maces & Flails
 + Level 3.6 Dodging
 + Level 1.4 Stealth
 + Level 1.8 Shields
 + Level 3.8 Unarmed Combat
 + Level 2.4 Spellcasting


You couldn't memorise any spells.
You knew the following spells:

 Your Spells              Type           Power      Damage    Failure   Level
a - Beastly Appendage     Tmut           16%        N/A       11%         1
b - Wereblood             Tmut           8%         N/A       17%         2
c - Spider Form           Tmut/Pois      4%         N/A       32%         3
d - Ice Form              Ice/Tmut       8%         N/A       73%         4
e - Sandblast             Erth           16%        2d6       11%         1
f - Call Imp              Summ           8%         N/A       17%         2
g - Ozocubu's Armour      Ice            8%         N/A       32%         3
Your spell library was empty.

Dungeon Overview and Level Annotations

Branches:
Dungeon (3/15)              Sewer (visited)

Altars:

Shops:
D:3 *

Annotations:
D:3 Grinder


Innate Abilities, Weirdness & Mutations

You are a tree.
Your roots penetrate the ground, keeping you stationary.
You cannot be teleported.
You are immune to unholy pain and torment.
Your maximum health is greatly increased.
Your equipment is partially melded.
You are immune to sickness and miasma.
You are immune to poison.
((Your flesh is very heat resistant. (rF++)))
((You are vulnerable to cold. (rC-)))
You float through the air rather than walking.
You learn spells naturally, not from books.
Your magical power is your life essence.
You have superior vitality. (+4 HP)
Your body sometimes deteriorates upon taking damage.


Message History

It was a potion of degeneration.
There was something very wrong with that liquid.
You feel weakened.
You feel dopey.
You feel clumsy.
It was a potion of cancellation.
You feel magically purged.
It was a potion of lignification.
You turn into a tree.
Your +0 robe melds into your body.
Your roots penetrate the ground.
It was a potion of mutation.
You feel extremely strange.
You feel yourself wasting away.
It was a potion of invisibility.
You fade into invisibility!
You are very lightly contaminated with residual magic.
It was a potion of magic.
Magic courses through your body.
You start resting.
Grinder is nearby!
Grinder is nearby!
You are too injured to fight recklessly!
You cannot move.
You cannot move.
Unknown command.
Unknown command.
Unknown command.
Unknown command.
Unknown command.
Unknown command.
Unknown command.
Unknown command.
Your shield prevents you from hitting Grinder.
Grinder is moderately wounded.
Grinder hits you but does no damage. Grinder hits you!
* * * LOW HITPOINT WARNING * * *
You thump Grinder!
Grinder convulses.
Grinder is heavily wounded.
Grinder hits you but does no damage.
You hit Grinder.
Grinder convulses.
Grinder is severely wounded.
Grinder drinks a potion.
Grinder seems to grow stronger.
You hit Grinder.
Grinder convulses.
Grinder is almost dead.
Grinder hits you!
You die...

≈......#############.##.......#
≈..................#.########.#
≈.................##.# ####.##
##.#.....##......#5#.# #.....#
...+.....'....8..#5#.# #.#####
.#.#.....##.8..#.#.#.# #.#
.#.#.....##....#.#.#.# #.#
.#.########...##.#.#.# #.# ##.#
#.:....##♣#.#.#####.# ##'##
#...#####.5.#.....#.#
....####...# #########.#.#
....#......# #....####.#.#
....#>.....# #.##.#....#.#
...>#...)### #.##.#.####<#
....#....## #.##...# #..#
....#.....######.###### ##..#
##.##.....#....#.# #.#


You could see Grinder (strong).

Vanquished Creatures
  7 kobold brigands (Sewer)
  Jessica (D:3)
  Terence (D:3)
  An orc wizard (D:3)
  A hound zombie (D:3)
  2 hound skeletons (D:3)
  4 adders
  4 river rats
  7 worms
  2 dart slugs
  8 orcs
  7 endoplasms
  2 giant cockroaches
  A hobgoblin (D:1)
  2 jackals (D:1)
  2 quokkas
  7 ball pythons
  A ball python skeleton (D:3)
  2 ball python zombies (D:3)
  6 bats
  7 frilled lizards
  9 kobolds
  9 rats
93 creatures vanquished.

Vanquished Creatures (collateral kills)
  A kobold (D:3)
1 creature vanquished.

Vanquished Creatures (others)
  A withered plant (D:3)
1 creature vanquished.

Grand Total: 95 creatures vanquished

Notes
Turn   | Place    | Note
-------+----------+-------------------------------------------
     0 | D:1      | Malachi the Djinni Transmuter began the quest for the Orb.
     0 | D:1      | Reached XP level 1. HP: 17/17 MP: 0/0
   361 | D:1      | Reached XP level 2. HP: 14/22 MP: 0/0
  1216 | D:1      | Reached XP level 3. HP: 24/27 MP: 0/0
  1216 | D:1      | Learned a level 1 spell: Sandblast
  1526 | D:1      | Found a faded altar of an unknown god.
  2769 | D:3      | Found Ohitonuo's General Store.
  2769 | D:3      | Noticed Terence
  2869 | D:3      | Reached XP level 4. HP: 28/32 MP: 0/0
  3147 | D:3      | Found a glowing drain.
  3157 | Sewer    | Entered a sewer
  3379 | Sewer    | Reached skill level 1 in Maces & Flails
  3636 | Sewer    | Reached XP level 5. HP: 37/37 MP: 0/0
  3636 | Sewer    | Learned a level 2 spell: Call Imp
  3854 | Sewer    | Noticed a kobold brigand
  3867 | Sewer    | Killed a kobold brigand
  3975 | Sewer    | Noticed a kobold brigand
  3984 | Sewer    | Reached skill level 1 in Shields
  3990 | Sewer    | Killed a kobold brigand
  3991 | Sewer    | Reached skill level 2 in Maces & Flails
  3991 | Sewer    | Reached skill level 1 in Stealth
  3991 | Sewer    | Reached XP level 6. HP: 29/43 MP: 0/0
  4355 | Sewer    | Reached skill level 3 in Maces & Flails
  4355 | Sewer    | Reached XP level 7. HP: 31/49 MP: 0/0
  4355 | Sewer    | Learned a level 3 spell: Ozocubu's Armour
  5641 | D:3      | Noticed Jessica
  5658 | D:3      | Killed Jessica
  5741 | D:3      | Killed Terence
  5953 | D:3      | Reached skill level 4 in Maces & Flails
  6335 | D:3      | Noticed Grinder
  6364 | D:3      | Gained mutation: Your body sometimes deteriorates upon
                  | taking damage. [potion of mutation]
  6374 | D:3      | Slain by Grinder

Illustrated notes

Levels and vault maps discovered:
D:1:      sevenhm_arrival_forest_fort_large_4, layout_loops_corners,
          shapermc_ecumenical_altar_ellora
D:2:      layout_loops_ring
D:3:      layout_basic, chequers_temple_overflow_minitemple, serial_undead,
          serial_undead_d, serial_undead_a, serial_undead_e, serial_undead_d,
          serial_undead_a, serial_undead_a, serial_undead_c, serial_undead_b,
          portal_sewer_entry_b, serial_shops, nicolae_shop_statue_plus,
          kennysheep_small_spiral, minmay_misc_feat_encased,
          kennysheep_generic_room_4, uniq_grinder, uniq_terence, uniq_jessica

Skill      XL: |  1  2  3  4  5  6  7 |
---------------+----------------------+-----
Spellcasting   | 2 |  2.4
Maces & Flails | 1 2 3 4 |  4.0
Dodging        | 3 |  3.6
Shields        | 1 |  1.8
Stealth        | 1 |  1.4
Fighting       | 2 3 |  3.0
Unarmed Combat | |  3.8

Action                   |  1- 3 |  4- 6 |  7- 9 || total
-------------------------+-------+-------+-------++-------
Melee: Unarmed           |    75 |       |       ||    75
       Headbutt          |     8 |       |       ||     8
       Flail             |    11 |   110 |    88 ||   209
 Cast: Beastly Appendage |    19 |     1 |       ||    20
       Wereblood         |     2 |     1 |       ||     3
       Spider Form       |     1 |       |       ||     1
       Sandblast         |     1 |       |       ||     1
       Call Imp          |       |     1 |     6 ||     7
  Use: Potion            |       |       |     6 ||     6
 Stab: Sleeping          |     2 |     2 |       ||     4
Armor: Robe              |    18 |     5 |    10 ||    33
       Skin              |       |       |     2 ||     2
Dodge: Dodged            |    65 |    45 |    27 ||   137
Block: Buckler           |     3 |    39 |    40 ||    82
       Reflection        |     1 |     3 |     2 ||     6
